 Dungeon Crawl Stone Soup version 0.32-a0-893-gf85d74f360 (webtiles) character file.

Game seed: 1990891007917236740

352 mopl the Apothecary (level 6, -1/36 HPs)
             Began as an Octopode Alchemist on Apr 3, 2024.
             Killed by divine providence
             ... invoked by an orc priest
              (14 damage)
             ... on level 4 of the Dungeon.
             The game lasted 00:04:24 (2945 turns).

mopl the Apothecary (Octopode Alchemist)            Turns: 2945, Time: 00:04:25

Health: -1/36      AC:  1    Str:  8    XL:     6   Next: 62%
Magic:  4/12       EV: 12    Int: 22    God:
Gold:   203        SH:  0    Dex: 12    Spells: 3/13 levels left

rFire   . . .        q - +1 morningstar "Teowkuh" {heavy, rElec Will+ Int+3}
rCold   . . .        (no shield)
rNeg    . . .        (helmet restricted)
rPois   .            (no amulet)
rElec   +            (no ring)
rCorr   .            (no ring)
SInv    .            (no ring)
Will    +....        (no ring)
Stlth   +++          (no ring)
HPRegen 0.26/turn    (no ring)
MPRegen 0.13/turn    (no ring)
                     (no ring)

%: no passive effects
@: no status effects
A: almost no armour, amphibious, 8 rings, camouflage 1, gelatinous body 1,
(nimble swimmer 1), tentacles
a: Convert to Beogh


You were on level 4 of the Dungeon.
You visited 1 branch of the dungeon, and saw 4 of its levels.

You collected 203 gold pieces.

Inventory:

Hand Weapons
 k - a +2 spear of freezing
 q - the +1 morningstar "Teowkuh" (weapon) {heavy, rElec Will+ Int+3}
   (You found it on level 3 of the Dungeon)

   Int+3:     It affects your intelligence (+3).
   rElec:     It insulates you from electricity.
   Will+:     It increases your willpower.
Missiles
 n - 2 datura-tipped darts
Armour
 r - a +0 buckler
Magical Staves
 m - a staff of air
Jewellery
 j - a ring of willpower
Wands
 o - a wand of flame (20)
 p - a wand of charming (11)
Scrolls
 b - a scroll of amnesia {unknown}
 c - 3 scrolls of identify {unknown}
 f - a scroll of butterflies {unknown}
 g - a scroll of revelation {unknown}
 l - a scroll of noise {unknown}
Potions
 a - 4 potions of magic
 d - a potion of brilliance {unknown}
 e - 3 potions of curing {unknown}
 h - a potion of mutation {unknown}
 i - 2 potions of heal wounds {unknown}
 s - 2 potions of cancellation {unknown}


   Skills:
 - Level 2.0 Dodging
 - Level 2.6 Stealth
 * Level 4.1 Spellcasting
 + Level 3.2 Conjurations
 * Level 5.4 Alchemy


You had 3 spell levels left.
You knew the following spells:

 Your Spells              Type           Power      Damage    Failure   Level
a - Sting                 Conj/Alch      92%        1d8       1%          1
b - Mercury Vapours       Alch/Air       32%        N/A       5%          2
c - Mephitic Cloud        Conj/Alch/Air  17%        N/A       10%         3
o - Olgreb's Toxic Radia  Alch           28%        N/A       12%         4

Your spell library contained the following spells:

 Spells                   Type           Power      Damage    Failure   Level
 Dazzling Flash           Conj/Hex       22%        N/A       17%         3
 Fugue of the Fallen      Necr           4%         N/A       32%         3
 Ozocubu's Armour         Ice            4%         N/A       32%         3
 Sticky Flame             Fire/Alch      16%        2d5       34%         4
 Curse of Agony           Necr           4%         N/A       97%         5
 Silence                  Hex/Air        2%         N/A       97%         5
 Manifold Assault         Tloc           2%         N/A       100%        7


Dungeon Overview and Level Annotations

Branches:
Dungeon (4/15)
 Temple: D:4-7

Altars:
Ashenzari
Gozag
Nemelex Xobeh

Annotations:
D:3 1 runed translucent door, DEFE's ghost, amateur CoFi


Innate Abilities, Weirdness & Mutations

You cannot wear most types of armour.
You are amphibious.
You can wear up to eight rings at the same time.
Your skin changes colour to match your surroundings (Stealth+).
Your rubbery body absorbs attacks. (AC +1, EV +1)
((You are camouflaged when in or above water. (Stealth+)))
You have tentacles for arms and can constrict up to eight enemies at once.


Message History

You kill the orc!
Your toxic aura wanes.
Eustachio barely misses you.
Unknown command.
Casting: Olgreb's Toxic Radiance (quite dangerous; 14% risk of failure)
Confirm with . or Enter, or press ? or * to list all spells.
You begin to radiate toxic energy.
Eustachio looks as sick as possible!
The ogre looks as sick as possible!
You feel a bit more experienced.
Eustachio mumbles some strange words.
Unknown command.
Unknown command.
Unknown command.
Found a Young Poisoner's Handbook and a ring of willpower.
The orc priest looks more healthy.
Eustachio attacks as he pursues you! Eustachio hits you with a +0 falchion!
You closely miss Eustachio. Your grab misses Eustachio.
Eustachio is severely wounded.
Eustachio looks as sick as possible!
The orc priest is poisoned.
You kill the ogre!
Your toxic aura wanes.
The orc priest invokes the aid of Beogh against you.
Beogh smites you! Eustachio hits you with a +0 falchion.
The orc priest looks braver for a moment.
Eustachio gestures wildly while chanting.
The orc priest shouts, "The Pantheon deserves no one's loyalty.
Let us show you the true path!" (press Y on the ability menu to convert to Beogh)
Your Spellcasting skill increases to level 4!
Unknown command.
You closely miss Eustachio.
The orc priest shouts, "The Pantheon deserves no one's loyalty.
Let us show you the true path!"
You grab Eustachio. You squeeze Eustachio!
Eustachio is almost dead.
You constrict Eustachio.
You kill Eustachio!
The rat disappears in a puff of smoke!
The quokka disappears in a puff of smoke!
The bat disappears in a puff of smoke! x2
The orc priest mumbles some strange prayers to Beogh against you.
Beogh smites you!
You die...

#.# ..## .....
..... ##### .... :
#...# #..#...
#..§###.......
#.)o§)@§..<...
.........##.......
....#....# .......
... #..... .......
# #...#.........
######........
.####=.. ## .#.


You could see an orc priest (poisoned).

Vanquished Creatures
  Eustachio (D:4)
  An ogre (D:4)
  Ijyb (D:3)
  Jessica (D:2)
  Natasha (thrice) (D:2)
  3 adders (D:2)
  4 dart slugs
  5 ribbon worms
  10 orcs
  11 ball pythons
  4 endoplasms
  3 giant cockroaches
  8 goblins
  7 hobgoblins
  4 jackals (D:2)
  3 quokkas
  7 bats
  3 frilled lizards
  3 kobolds
  6 rats
88 creatures vanquished.

Notes
Turn   | Place    | Note
-------+----------+-------------------------------------------
     0 | D:1      | mopl the Octopode Alchemist began the quest for the Orb.
     0 | D:1      | Reached XP level 1. HP: 11/11 MP: 3/3
   114 | D:1      | Reached XP level 2. HP: 17/17 MP: 1/5
   317 | D:1      | Found a faded altar of an unknown god.
   322 | D:1      | Reached XP level 3. HP: 21/21 MP: 4/6
   751 | D:2      | Reached skill level 2 in Conjurations
   873 | D:2      | Reached skill level 4 in Alchemy
   873 | D:2      | Reached XP level 4. HP: 27/27 MP: 1/8
   878 | D:2      | Learned a level 4 spell: Olgreb's Toxic Radiance
   984 | D:2      | Noticed Natasha
   989 | D:2      | Killed Natasha
   990 | D:2      | Reached skill level 3 in Spellcasting
  1214 | D:2      | Noticed Jessica
  1220 | D:2      | Killed Jessica
  1221 | D:2      | Reached XP level 5. HP: 29/31 MP: 4/9
  1430 | D:2      | Noticed Natasha
  1438 | D:2      | Killed Natasha
  1491 | D:2      | Noticed Natasha
  1495 | D:2      | Killed Natasha
  2085 | D:2      | Learned a level 2 spell: Mercury Vapours
  2089 | D:2      | Learned a level 3 spell: Mephitic Cloud
  2140 | D:3      | Noticed Ijyb
  2174 | D:3      | Killed Ijyb
  2175 | D:3      | Reached skill level 5 in Alchemy
  2175 | D:3      | Reached XP level 6. HP: 31/36 MP: 4/11
  2209 | D:3      | Identified the +4 robe "Lyati Mou" {rC+}
  2348 | D:3      | Found a sparkling altar of Nemelex Xobeh.
  2349 | D:3      | Found an opulent altar of Gozag.
  2351 | D:3      | Reached skill level 3 in Conjurations
  2363 | D:3      | Found a runed translucent door.
  2394 | D:3      | Identified the +1 morningstar "Teowkuh" {heavy, rElec Will+
                  | Int+3}
  2632 | D:3      | Found a broken altar of Ashenzari.
  2894 | D:3      | Noticed DEFE's ghost (amateur CoFi)
  2938 | D:4      | Noticed Eustachio
  2945 | D:4      | Reached skill level 4 in Spellcasting
  2945 | D:4      | Killed Eustachio
  2945 | D:4      | Killed from afar by an orc priest

Illustrated notes

Levels and vault maps discovered:
D:1:      dpeg_arrival_three_smaller_balls, layout_loops_ring,
          chequers_ecumenical_altar_island, minmay_small_reverse_x
D:2:      layout_loops_ring, uniq_natasha, uniq_jessica
D:3:      layout_basic, grunt_temple_overflow_opulence, evilmike_ruin_ashenzari,
          ebering_ghost_sewer_d, chequers_serial_rivers_small_3, uniq_ijyb
D:4:      layout_rooms, minivault_24, grunt_decor_mini_mirrors,
          kennysheep_generic_room_15, uniq_pargi, uniq_eustachio,
          uniq_blork_the_orc

Skill      XL: |  1  2  3  4  5  6 |
---------------+-------------------+-----
Conjurations   | 2 3 |  3.2
Alchemy        | 4 5 |  5.4
Spellcasting   | 3 4 |  4.1
Dodging        | |  2.0
Stealth        | |  2.6

Action                     |  1- 3 |  4- 6 || total
---------------------------+-------+-------++-------
  Melee: Unarmed           |    34 |       ||    34
         Constrict         |     9 |     5 ||    14
         Tentacles         |     5 |     8 ||    13
         Punch             |     1 |       ||     1
         Spear             |       |    19 ||    19
         Morningstar       |       |    11 ||    11
   Cast: Sting             |    46 |    76 ||   122
         Olgreb's Toxic Ra |       |     5 ||     5
   Stab: Sleeping          |     4 |     2 ||     6
 Armour: Skin              |    23 |    28 ||    51
  Dodge: Dodged            |    25 |    22 ||    47

Table legend: (Time is in decaauts)
 A = Elapsed time spent in this place.
 B = Non-inter-level travel time spent in this place.
 C = Inter-level travel time spent in this place.
 D = Time resting spent in this place.
 E = Time spent auto-exploring this place.
 F = Levels seen in this place.
 G = Mean time per level.
                   A        B        C        D        E       F      G
               +--------+--------+--------+--------+--------+-----+--------+
         Total |   2957 |   2893 |     64 |    124 |   2217 |   4 |  739.2 |
       Dungeon |   2957 |   2893 |     64 |    124 |   2217 |   4 |  739.2 |
               +--------+--------+--------+--------+--------+-----+--------+

Top non-repeatable levels by time:
     D:2: 1368 daAuts
     D:3: 837 daAuts
     D:1: 743 daAuts
     D:4: 7 daAuts
